 Dungeon Crawl Stone Soup version 0.24.0-13-gcf9b3192b9 (webtiles) character file.

Game seed: 15481126682774022566, levelgen mode: deterministic

29 Aviak the Caller (level 3, -1/25 HPs)
             Began as a Gnoll Summoner on Nov 10, 2019.
             Killed by divine providence
             ... invoked by an orc priest
              (12 damage)
             ... on level 2 of the Dungeon.
             The game lasted 00:01:18 (1440 turns).

Aviak the Caller (Gnoll Summoner)                   Turns: 1440, Time: 00:01:19

Health: -1/25      AC:  3    Str: 10    XL:     3   Next: 16%
Magic:  6/9        EV: 14    Int: 18    God:
Gold:   93         SH:  0    Dex: 15    Spells: 6/12 levels left

rFire    . . .     SeeInvis .   g - +0 spear
rCold    . . .     Gourm    .   (no shield)
rNeg     . . .     Faith    .   j - +0 leather armour
rPois    .         Spirit   .   (no helmet)
rElec    .         Reflect  .   (no cloak)
rCorr    .         Harm     .   (no gloves)
MR       .....                  (no boots)
Stlth    ++........             (no amulet)
HPRegen  0.08/turn              (no ring)
MPRegen  0.11/turn              (no ring)

@: no status effects
A: distributed training, fangs 1, strong nose
a: no special abilities


You were on level 2 of the Dungeon.
You were not hungry.

You visited 1 branch of the dungeon, and saw 2 of its levels.

You collected 93 gold pieces.

Inventory:

Hand Weapons
 d - a +0 dagger
 g - a +0 spear (weapon)
Armour
 a - a +0 robe
 j - a +0 leather armour (worn)
Scrolls
 b - a scroll of amnesia {unknown}
 f - 2 scrolls of teleportation {unknown}
 k - a scroll of identify {unknown}
 l - 2 scrolls of remove curse {unknown}
Potions
 e - a potion of brilliance {unknown}
 h - 2 potions of degeneration {unknown}
 i - a potion of haste {unknown}
 n - a potion of agility {unknown}
Comestibles
 c - 7 rations
 m - a chunk of flesh


   Skills:
 + Level 0.6 Fighting
 + Level 0.6 Short Blades
 + Level 0.6 Long Blades
 + Level 0.6 Axes
 + Level 0.6 Maces & Flails
 + Level 0.6 Polearms
 + Level 0.6 Staves
 + Level 0.6 Slings
 + Level 0.6 Bows
 + Level 0.6 Crossbows
 + Level 0.6 Throwing
 + Level 0.6 Armour
 + Level 4.5 Dodging
 + Level 4.1 Stealth
 + Level 0.6 Shields
 + Level 0.6 Unarmed Combat
 + Level 5.0 Spellcasting
 + Level 0.4 Conjurations
 + Level 0.4 Hexes
 + Level 0.4 Charms
 + Level 7.1 Summonings
 + Level 0.4 Necromancy
 + Level 0.4 Translocations
 + Level 0.4 Transmutations
 + Level 0.4 Fire Magic
 + Level 0.4 Ice Magic
 + Level 0.4 Air Magic
 + Level 0.4 Earth Magic
 + Level 0.4 Poison Magic
 + Level 0.8 Invocations
 + Level 0.6 Evocations


You had 6 spell levels left.
You knew the following spells:

 Your Spells              Type           Power        Failure   Level  Hunger
a - Summon Small Mammal   Summ           ####         1%          1    None
b - Call Imp              Summ           ####....     1%          2    #......
c - Call Canine Familiar  Summ           ####....     3%          3    ##.....

Your spell library contained the following spells:

 Spells                   Type           Power        Failure   Level  Hunger
 Summon Guardian Golem    Hex/Summ       ###.....     12%         3    ##.....
 Summon Ice Beast         Ice/Summ       ###.....     36%         4    ####...
 Summon Lightning Spire   Summ/Air       ###.....     36%         4    ####...


Dungeon Overview and Level Annotations

Branches:
Dungeon (2/15)

Altars:


Innate Abilities, Weirdness & Mutations

Your experience applies equally to all skills.
You have very sharp teeth.
Your uncanny sense of smell can sniff out nearby items.


Message History

Your hound disappears in a puff of smoke!
The orc priest calls down the wrath of Beogh upon you.
Beogh smites you!
Unknown command.
What are your orders? t - Bark!
Orders for allies: a - Attack new target. r - Retreat! s - Stop attacking. g - Guard the area. f - Follow me.
Anything else - Cancel.
Gang up on whom?
Press: ? - help, Dir - move target cursor, f - orc
Aim: an orc, wielding a +0 hand axe and wearing a +0 leather armour Attack!
Your hound bites the orc.
The orc hits your hound with a +0 hand axe.
Your hound barely misses the orc.
Your hound bites the orc.
The orc priest calls down the wrath of Beogh upon you.
Beogh smites you!
You die...

#8...8##########..#
##...##...........
#........##....#
#........''....#
####......##....##
#....####.##.....#
#.##### #.##.....#
#### #.....#
#.######.# ...#
.##.#.# #.# #@#...
.# .# #.# #.#.# .#
# #. #h..# .# #o###
.. ########o.# ..
........oo# .#.
########o.# .#.
..ooo.o..# ##..
.8..o8...#


You could see 3 orc priests, an orc wizard, 2 orcs and a friendly hound.

Vanquished Creatures
  An adder (D:2)
  A giant cockroach (D:1)
  3 hobgoblins
  2 jackals (D:1)
  A goblin (D:1)
  3 kobolds
  5 rats
16 creatures vanquished.

Vanquished Creatures (collateral kills)
  2 worms (D:2)
  A bat (D:2)
  A hobgoblin (D:2)
4 creatures vanquished.

Grand Total: 20 creatures vanquished

Notes
Turn   | Place    | Note
-------+----------+-------------------------------------------
     0 | D:1      | Aviak the Gnoll Summoner began the quest for the Orb.
     0 | D:1      | Reached XP level 1. HP: 13/13 MP: 6/6
   475 | D:1      | Reached XP level 2. HP: 19/19 MP: 7/7
   988 | D:2      | Reached XP level 3. HP: 20/25 MP: 7/9
  1248 | D:2      | Learned a level 2 spell: Call Imp
  1252 | D:2      | Learned a level 3 spell: Call Canine Familiar
  1330 | D:2      | Reached skill level 5 in Spellcasting
  1440 | D:2      | Killed from afar by an orc priest

Levels and vault maps discovered:
D:1:      evilmike_arrival_crescent, layout_loops_ring,
          chequers_serial_rivers_large_a, chequers_serial_rivers_room_b
D:2:      cheibrodos_pilgrimage, layout_basic, kiku_gazebo_garden_becter,
          serial_corexii_hall, corexii_hall_statues_l, corexii_hall_statues_x,
          corexii_hall_statues_u, chequers_hall_statues_y, first_ration,
          minmay_tromino_v4_b

Skill      XL: |  1  2  3 |
---------------+----------+-----
Spellcasting   | 5 |  5.0
Fighting       | |  0.6
Short Blades   | |  0.6
Long Blades    | |  0.6
Axes           | |  0.6
Maces & Flails | |  0.6
Polearms       | |  0.6
Staves         | |  0.6
Slings         | |  0.6
Bows           | |  0.6
Crossbows      | |  0.6
Throwing       | |  0.6
Armour         | |  0.6
Dodging        | |  4.5
Stealth        | |  4.1
Shields        | |  0.6
Unarmed Combat | |  0.6
Conjurations   | |  0.4
Hexes          | |  0.4
Charms         | |  0.4
Summonings     | |  7.1
Necromancy     | |  0.4
Translocations | |  0.4
Transmutations | |  0.4
Fire Magic     | |  0.4
Ice Magic      | |  0.4
Air Magic      | |  0.4
Earth Magic    | |  0.4
Poison Magic   | |  0.4
Invocations    | |  0.8
Evocations     | |  0.6

Action                   || total
-------------------------++-------
Melee: Dagger            ||    24
       Bite              ||     4
       Spear             ||    37
       Punch             ||     1
 Cast: Summon Small Mamm ||     6
       Call Canine Famil ||     2
 Stab: Sleeping          ||     3
  Eat: Chunk             ||     2
Armor: Robe              ||     7
Dodge: Dodged            ||    41
